 Dungeon Crawl Stone Soup version 0.19-a0-753-gae73b43 (webtiles) character file.

76 Fubayashi the Digger (level 4, -1/24 HPs)
             Began as a Gargoyle Earth Elementalist on June 25, 2016.
             Killed from afar by Natasha (7 damage)
             ... with a magic dart
             ... on level 2 of the Dungeon.
             The game lasted 00:05:18 (2423 turns).

Fubayashi the Digger (Gargoyle Earth Elementalist)  Turns: 2423, Time: 00:05:18

Health: -1/24      AC:  5    Str: 11    XL:     4   Next: 32%
Magic:  9/9        EV: 12    Int: 17    God:
Gold:   117        SH:  0    Dex: 10    Spells: 2 memorised, 5 levels left

rFire  . . .     SeeInvis .     a - +2 whip (elec)
rCold  . . .     Gourm    .     c - +0 robe
rNeg   + . .     Faith    .     (no shield)
rPois  ∞         Spirit   .     (no helmet)
rElec  +         Dismiss  .     (no cloak)
rCorr  .         Reflect  .     (no gloves)
SustAt .         Harm     .     (no boots)
MR     .....                    (no amulet)
Stlth  ++........               (no ring)
                                (no ring)

@: not resistant to hostile enchantments, unstealthy
A: negative energy resistance 1, electricity resistance, unbreathing,
petrification resistance, rot immunity, AC +3
a: no special abilities


You were on level 2 of the Dungeon.
You were not hungry.

You visited 1 branch of the dungeon, and saw 2 of its levels.

You collected 117 gold pieces.

Inventory:

Hand Weapons
 a - a +2 whip of electrocution (weapon)
Missiles
 b - 35 stones (quivered)
Armour
 c - a +0 robe (worn)
Jewellery
 f - an uncursed amulet of rage {unknown}
 g - an uncursed ring of protection from fire {unknown}
Scrolls
 i - 2 scrolls of recharging {unknown}
 j - 4 scrolls of remove curse {unknown}
 p - a scroll of blinking {unknown}
Potions
 h - a potion of curing {unknown}
 l - 2 potions of magic {unknown}
 m - 2 potions of flight {unknown}
 o - a potion of agility {unknown}
Books
 e - a book of Geomancy

   Spells                             Type                      Level
   a - Sandblast                      Earth                        1
   b - Passwall                       Transmutation/Earth          2
   c - Stone Arrow                    Conjuration/Earth            3
   d - Petrify                        Transmutation/Earth          4
   e - Lee's Rapid Deconstruction     Earth                        5
Comestibles
 d - 3 bread rations {@e1}
 k - 3 chunks of flesh
 n - a beef jerky {@e2}


   Skills:
 - Level 1.5 Dodging
 - Level 2.1 Stealth
 * Level 3.3 Spellcasting
 + Level 0.9 Conjurations
   Level 0.7 Transmutations
 + Level 4.6 Earth Magic


You had 5 spell levels left.
You knew the following spells:

 Your Spells              Type           Power        Failure   Level  Hunger
a - Sandblast             Erth           ###...       2%          1    None
b - Stone Arrow           Conj/Erth      ##....       17%         3    ###....


Dungeon Overview and Level Annotations

Branches:
Dungeon (2/15)

Altars:

Annotations:
D:2 Jessica, Natasha


Innate Abilities, Weirdness & Mutations

You are resistant to torment.
Your stone body is resilient. (AC +3)
You are immune to poison.
You resist negative energy. (rN+)
You are resistant to electric shocks. (rElec)
You can survive without breathing.
You are immune to petrification.
You are immune to rotting.


Message History

Found a stone staircase leading up.
b - 35 stones (gained 9) Natasha, Servant of Life and Death comes into view.
Natasha hisses angrily.
Natasha zaps a wand.
The puff of flame hits you!
It is a wand of flame.
A hobgoblin comes into view.
The hobgoblin moves out of view.
Natasha zaps a wand.
The puff of flame hits you!
Casting: Sandblast
Confirm with . or Enter, or press ? or * to list all spells.
You can't see any susceptible monsters within range! (Use Z to cast anyway.)
You closely miss Natasha. Natasha claws you but does no damage.
Natasha claws you!
* * * LOW HITPOINT WARNING * * *
You are too injured to fight recklessly!
You hit Natasha.
Natasha is lightly wounded.
Natasha stares at you and mumbles some strange words.
The magic dart hits you!
You die...

# #[# ####...8 .. #.#
#....#.. ###.# #.#
#.##.###
......####.###.###.##
#....)†...÷........
###############....
#.### #.##########
#.# ### #....h@....#
#.# ..# ##########.#
#.# #.# #.# #.# #.#
####.# #.# #)# #....#
#.### #.# #.####
####.... #@# #.#
##....### #.# #.#
##...#.# #.#
###.######..#...###


You could see Natasha.

Vanquished Creatures
  2 adders (D:2)
  An ooze (D:1)
  3 worms (D:2)
  2 dart slugs
  3 giant cockroaches (D:2)
  4 hobgoblins
  7 jackals (D:2)
  2 ball pythons
  3 bats (D:2)
  2 giant newts
  3 goblins
  4 kobolds
  5 rats
41 creatures vanquished.

Notes
Turn   | Place    | Note
--------------------------------------------------------------
     0 | D:1      | Fubayashi the Gargoyle Earth Elementalist began the quest for the Orb.
     0 | D:1      | Reached XP level 1. HP: 10/10 MP: 3/3
   509 | D:1      | Reached XP level 2. HP: 15/15 MP: 3/5
  1117 | D:1      | Reached skill level 4 in Earth Magic
  1450 | D:2      | Noticed Jessica
  1532 | D:2      | Reached XP level 3. HP: 19/19 MP: 7/7
  1952 | D:2      | Learned a level 3 spell: Stone Arrow
  2055 | D:2      | Reached XP level 4. HP: 15/24 MP: 8/8
  2417 | D:2      | Noticed Natasha
  2423 | D:2      | Killed from afar by Natasha

Vault maps used:
D:1:      lightli_molten_gateway, serial_forest, infiniplex_forest_clump_small,
          infiniplex_forest_lined_room_2, infiniplex_forest_clump_tiny,
          infiniplex_forest_straight_4, infiniplex_forest_clump_double,
          infiniplex_forest_straight_4, infiniplex_forest_corner_1,
          infiniplex_forest_clump_C, minmay_misc_feat_ornament
D:2:      grunt_ministairs_9, minmay_pentomino_t2, uniq_crazy_yiuf_cottage,
          uniq_jessica, uniq_natasha

Skill      XL: |  1  2  3 |
---------------+----------+-----
Earth Magic    | 4 |  4.6
Spellcasting   | 3 |  3.3
Dodging        | |  1.5
Stealth        | |  2.1
Conjurations   | |  0.9
Transmutations | |  0.7

Action                   |  1- 3 |  4- 6 || total
-------------------------+-------+-------++-------
Melee: Unarmed           |    10 |       ||    10
       Club              |    12 |       ||    12
       Whip              |    56 |    18 ||    74
 Cast: Sandblast         |    23 |     4 ||    27
 Stab: Sleeping          |     8 |       ||     8
  Eat: Chunk             |     3 |     2 ||     5
Armor: Robe              |    26 |     6 ||    32
Dodge: Dodged            |    67 |    19 ||    86
